AoeStats
← kühlfrost

Arabia

508721659Analyzed
2v2 RM · 10d ago on Sep 23, 2026· 31m 54s· 4 players
Game mode
Random Map
Map size
Medium (4 player)
Population
200
Speed
Normal
Resources
Standard
Victory
Conquest
Starting age
Dark Age
Ending age
Imperial Age
RankedLock teamsTeams togetherTeam positionsShared explorationLock speedFull tech treeHidden civsTurbo modeCheats
Victory
Defeat
🇩🇪 Saracens · Germany
1159
+17
🇨🇭 Berbers · Switzerland
1159
+17
🇨🇱 Vietnamese · Chile
1184
-17
🇨🇱 Mongols · Chile
1175
-17
Raobil53
7:04 Loom
9:39 Feudal Age
10:35 Double-Bit Axe
17:11 Scale Barding Armor
18:01 Forging
24:58 Castle Age
23:57 Bloodlines
25:58 Chain Barding Armor
27:46 Husbandry
29:06 Iron Casting
kühlfrost
7:14 Loom
10:51 Feudal Age
11:33 Double-Bit Axe
11:32 Horse Collar
11:19 Man-at-Arms
17:46 Wheelbarrow
22:32 Castle Age
20:47 Fletching
21:51 Padded Archer Armor
21:53 Gold Mining
23:10 Bodkin Arrow
22:37 Crossbowman
25:26 Bow Saw
25:19 Heavy Plow
PERPETUAL BURN
6:00 Loom
8:30 Feudal Age
9:23 Double-Bit Axe
22:51 Castle Age
21:52 Scale Barding Armor
22:20 Gold Mining
P4ND4
7:17 Loom
9:58 Feudal Age
13:53 Wheelbarrow
15:07 Horse Collar
16:32 Fletching
18:25 Double-Bit Axe
23:16 Castle Age
22:09 Padded Archer Armor
22:20 Forging
22:42 Scale Barding Armor
24:13 Crossbowman
25:41 Bloodlines
28:44 Bow Saw
28:39 Heavy Plow
Connection lost

Rejoining the realm…

Still unreachable

The connection could not be restored.

Session expired

The server has moved on; the page needs a fresh start.